 Dungeon Crawl Stone Soup version 0.23.1-38-g628c18f423 (webtiles) character file.

Game seed: 16279880610246656921

152 Peloso the Shield-Bearer (level 5, -10/46 HPs)
             Began as a Minotaur Fighter on Mar 29, 2019.
             Killed by nerve-wracking pain
             ... invoked by Grinder
              (13 damage)
             ... on level 3 of the Dungeon.
             The game lasted 00:03:19 (1756 turns).

Peloso the Shield-Bearer (Minotaur Fighter)         Turns: 1756, Time: 00:03:19

Health: -10/46     AC:  9    Str: 21    XL:     5   Next: 11%
Magic:  0/4        EV:  6    Int:  5    God:
Gold:   204        SH: 10    Dex: 10    Spells: 4/4 levels left

rFire    . . .     SeeInvis .   a - +0 long sword
rCold    . . .     Gourm    .   c - +1 shield
rNeg     . . .     Faith    .   u - +0 chain mail
rPois    .         Spirit   +   (helmet restricted)
rElec    .         Reflect  .   (no cloak)
rCorr    .         Harm     .   (no gloves)
MR       .....                  (no boots)
Stlth    ..........             q - amulet of guardian spirit
HPRegen  0.15/turn              (no ring)
MPRegen  0.09/turn              (no ring)

@: no status effects
A: retaliatory headbutt, horns 2
a: no special abilities


You were on level 3 of the Dungeon.
You were not hungry.

You visited 1 branch of the dungeon, and saw 3 of its levels.

You collected 204 gold pieces.

Inventory:

Hand Weapons
 a - a +0 long sword (weapon)
Armour
 b - a +0 scale mail
 c - a +1 shield (worn)
 u - a +0 chain mail (worn)
Jewellery
 q - an amulet of guardian spirit (around neck)
Wands
 g - a wand of iceblast (6)
Scrolls
 e - a scroll of enchant armour
 j - 2 scrolls of magic mapping {unknown}
 o - a scroll of immolation {unknown}
 s - a scroll of remove curse {unknown}
Potions
 d - 2 potions of might
 h - a potion of mutation
 k - a potion of agility {unknown}
 l - a potion of brilliance {unknown}
 m - a potion of haste {unknown}
 n - 3 potions of curing {unknown}
 p - a potion of heal wounds {unknown}
 r - a potion of lignification {unknown}
Comestibles
 f - 8 rations
 t - 6 chunks of flesh


   Skills:
 + Level 4.2 Fighting
 + Level 3.7 Long Blades
 + Level 4.8 Armour
 + Level 0.9 Dodging
 + Level 0.2 Stealth
 + Level 4.9 Shields


You had 4 spell levels left.
You didn't know any spells.
Your spell library was empty.

Dungeon Overview and Level Annotations

Branches:
Dungeon (3/15)

Altars:
Cheibriados
Dithmenos
Nemelex Xobeh
Xom

Annotations:
D:3 Grinder


Innate Abilities, Weirdness & Mutations

You reflexively headbutt those who attack you in melee.
You have a pair of horns on your head.


Message History

* * * LOW HITPOINT WARNING * * *
You barely miss Grinder.
Grinder is heavily wounded.
Grinder hits you.
* * * LOW HITPOINT WARNING * * *
You writhe in agony.
* * * LOW HITPOINT WARNING * * *
Some of the chunks of flesh in your inventory have rotted away.
You hit Grinder. You headbutt Grinder.
Grinder is severely wounded.
Grinder closely misses you.
Unknown command.
Your chain mail prevents you from hitting Grinder.
Grinder is severely wounded.
Grinder gestures at you.
You barely resist.
A giant cockroach comes into view.
Grinder gestures at you. Pain shoots through your body!
You die...

#.## .# #... ### .#
##.#### # ... .. #......
#. #.. .# #..#### #. #.#
.# #....<. #..#.# .#
#.....#
...##.#.######.#.#..#..#
.....(5@..)!..).........
.s....#.######.#.#.....#
.#### #.# .#.##.#... #.#
.# ....... #.#
#.####.#### #.#
#..........
#.###########.####
#.............####
#.####.............#


You could see Grinder and a giant cockroach (wandering).

Vanquished Creatures
  Jessica (D:3)
  Ijyb (D:3)
  Terence (D:3)
  An adder (D:3)
  An ooze (D:1)
  5 orcs (D:3)
  4 bats
  A giant cockroach (D:3)
  10 goblins
  6 hobgoblins
  7 kobolds
  A quokka (D:2)
  5 frilled lizards
  16 rats
60 creatures vanquished.

Notes
Turn   | Place    | Note
-------+----------+-------------------------------------------
     0 | D:1      | Peloso the Minotaur Fighter began the quest for the Orb.
     0 | D:1      | Reached XP level 1. HP: 19/19 MP: 0/0
   235 | D:1      | Reached XP level 2. HP: 27/27 MP: 1/1
   666 | D:2      | Reached XP level 3. HP: 32/33 MP: 2/2
  1532 | D:3      | Noticed Terence
  1542 | D:3      | Killed Terence
  1542 | D:3      | Reached XP level 4. HP: 39/40 MP: 1/3
  1613 | D:3      | Noticed Ijyb
  1640 | D:3      | Killed Ijyb
  1705 | D:3      | Found a sparkling altar of Nemelex Xobeh.
  1706 | D:3      | Found a shimmering altar of Xom.
  1706 | D:3      | Found a snail-covered altar of Cheibriados.
  1707 | D:3      | Found a shadowy altar of Dithmenos.
  1723 | D:3      | Noticed Jessica
  1735 | D:3      | Killed Jessica
  1735 | D:3      | Reached XP level 5. HP: 32/46 MP: 1/4
  1736 | D:3      | Noticed Grinder
  1745 | D:3      | Paralysed by Grinder for 6 turns
  1756 | D:3      | Killed from afar by Grinder

Skill      XL: |  1  2  3 |
---------------+----------+-----
Shields        | 4 |  4.9
Armour         | 4 |  4.8
Long Blades    | 3 |  3.7
Fighting       | 4 |  4.2
Dodging        | |  0.9
Stealth        | |  0.2

Action                   |  1- 3 |  4- 6 || total
-------------------------+-------+-------++-------
Melee: Long sword        |    99 |    50 ||   149
       Headbutt          |    10 |     9 ||    19
Evoke: Wand              |       |     1 ||     1
  Use: Scroll            |       |     3 ||     3
  Eat: Chunk             |     2 |     1 ||     3
Armor: Scale mail        |    35 |       ||    35
       Chain mail        |       |    22 ||    22
Dodge: Dodged            |    27 |     6 ||    33
Block: Shield            |    49 |    27 ||    76
       Rpst.: Long sword |     8 |     3 ||    11
